 Dungeon Crawl Stone Soup version 0.30.1-4-g462c640d31 (webtiles) character file.

Game seed: 8363661577713271962

285 spardeous the Conjurer (level 5, -26/38 HPs)
             Began as a Demigod Conjurer on Sept 2, 2023.
             Annihilated by an ogre
             ... wielding a +0 giant club
              (29 damage)
             ... on level 4 of the Dungeon.
             The game lasted 00:02:20 (3462 turns).

spardeous the Conjurer (Demigod Conjurer)           Turns: 3462, Time: 00:02:20

Health: -26/38     AC:  5    Str:  8    XL:     5   Next: 79%
Magic:  4/14       EV: 10    Int: 24    God:
Gold:   177        SH:  0    Dex: 12    Spells: 5/12 levels left

rFire   + . .        j - staff of conjuration
rCold   . . .        (no shield)
rNeg    . . .        q - +0 ring mail
rPois   .            (no helmet)
rElec   .            (no cloak)
rCorr   .            (no gloves)
SInv    .            (no boots)
Will    .....        (no amulet)
Stlth   +            m - ring of protection from fire
HPRegen 0.26/turn    (no ring)
MPRegen 0.14/turn

%: no passive effects
@: no status effects
A: high MP 1, forlorn, divine attributes
a: no special abilities


You were on level 4 of the Dungeon.
You visited 1 branch of the dungeon, and saw 4 of its levels.

You collected 177 gold pieces.

Inventory:

Armour
 a - a +0 robe
 q - a +0 ring mail (worn)
Magical Staves
 j - a staff of conjuration (weapon)
Jewellery
 m - a ring of protection from fire (left hand)
 t - a ring of protection from fire
Wands
 p - a wand of roots (4)
Scrolls
 c - 5 scrolls of identify {unknown}
 d - 3 scrolls of fog {unknown}
 e - a scroll of fear {unknown}
 f - a scroll of acquirement {unknown}
 g - 2 scrolls of teleportation {unknown}
 i - 2 scrolls of noise {unknown}
 l - a scroll of blinking {unknown}
 s - a scroll of enchant armour {unknown}
 u - a scroll of magic mapping {unknown}
Potions
 b - 2 potions of magic
 h - 2 potions of degeneration {unknown}
 k - 3 potions of mutation {unknown}
 n - a potion of brilliance
 o - 2 potions of attraction {unknown}
 r - a potion of curing


   Skills:
 - Level 1.7 Dodging
 - Level 1.7 Stealth
 - Level 4.0 Spellcasting
 + Level 5.4 Conjurations
 + Level 0.0 Translocations


You had 5 spell levels left.
You knew the following spells:

 Your Spells              Type           Power      Damage    Failure   Level
a - Magic Dart            Conj           100%       1d8       3%          1
b - Searing Ray           Conj           92%        2d7       4%          2
c - Iskenderun's Mystic   Conj/Tloc      26%        2d7       69%         4

Your spell library contained the following spells:

 Spells                   Type           Power      Damage    Failure   Level
 Dazzling Flash           Conj/Hex       52%        N/A       30%         3
 Fulminant Prism          Conj/Hex       13%        3d9       69%         4


Dungeon Overview and Level Annotations

Branches:
Dungeon (4/15)
 Temple: D:4-7

Shops:
D:3 !:


Innate Abilities, Weirdness & Mutations

You have an increased reservoir of magic. (+10% MP)
You shall have no god before yourself.
Your divine heritage dramatically boosts your attributes as you level up.


Message History

You feel a surge of power!
The magic dart hits the ogre.
The ogre is moderately wounded.
An ogre is nearby!
Casting: Magic Dart (safe; 3% risk of failure)
Confirm with . or Enter, or press ? or * to list all spells.
Aiming: Magic Dart (safe; 3% risk of failure)
Press: ? - help, Shift-Dir - straight line, f/p - ogre
Aim: an ogre, wielding a +0 giant club (moderately wounded, 100% to hit)
You feel a surge of power!
The magic dart hits the ogre but does no damage.
The ogre is moderately wounded.
The ogre barely misses you.
A kobold comes into view. It is wielding a +0 dagger.
You now have 8/14 mp.
There are monsters nearby!
Casting: Magic Dart (safe; 3% risk of failure)
Confirm with . or Enter, or press ? or * to list all spells.
Aiming: Magic Dart (safe; 3% risk of failure)
Press: ? - help, Shift-Dir - straight line, f/p - ogre
Aim: an ogre, wielding a +0 giant club (moderately wounded, 100% to hit)
You feel a surge of power!
The magic dart hits the ogre!
The ogre is heavily wounded.
The ogre hits you with a +0 giant club!!
Ouch! That really hurt!
* * * LOW HITPOINT WARNING * * *
You take 23 damage, and have 3/38 hp.
MASSIVE DAMAGE!!
You now have 7/14 mp.
Casting: Magic Dart (safe; 3% risk of failure)
Confirm with . or Enter, or press ? or * to list all spells.
Aiming: Searing Ray (safe; 4% risk of failure)
Press: ? - help, Shift-Dir - straight line, f/p - ogre
Aim: an ogre, wielding a +0 giant club (heavily wounded, 91% to hit)
You feel a surge of power!
The searing ray hits the ogre!
The ogre is almost dead. (Press . to maintain the ray.) Unknown command.
You now have 5/14 mp.
The searing ray misses the ogre.
The ogre hits you with a +0 giant club!!
Ouch! That really hurt!
You die...

##.. ...##
#.... >... #..#
##. # #..##....
.#.##.#........
..K....@.#
#.###.##O......
). .###### ..#
.. #. ... #
.... .....
......


You could see an ogre and a kobold.

Vanquished Creatures
  Pargi (D:3)
  Natasha (thrice) (D:3)
  An orc wizard (D:3)
  3 adders (D:3)
  A worm (D:2)
  A dart slug (D:1)
  3 orcs (D:3)
  3 ball pythons
  2 bats
  2 endoplasms
  6 hobgoblins
  10 jackals
  9 kobolds
  3 quokkas
  8 goblins
  5 rats
61 creatures vanquished.

Notes
Turn   | Place    | Note
-------+----------+-------------------------------------------
     0 | D:1      | spardeous the Demigod Conjurer began the quest for the Orb.
     0 | D:1      | Reached XP level 1. HP: 14/14 MP: 5/5
   537 | D:1      | Reached XP level 2. HP: 20/20 MP: 4/7
  1014 | D:2      | Reached skill level 4 in Conjurations
  1418 | D:2      | Reached XP level 3. HP: 26/26 MP: 7/9
  1421 | D:2      | Learned a level 2 spell: Searing Ray
  2092 | D:3      | Found Ownuucea's Book Shop.
  2288 | D:3      | Reached XP level 4. HP: 29/33 MP: 4/11
  2522 | D:3      | Noticed Pargi
  2529 | D:3      | Killed Pargi
  2530 | D:3      | Reached skill level 5 in Conjurations
  2530 | D:3      | Reached XP level 5. HP: 28/38 MP: 3/13
  2652 | D:3      | Noticed Natasha
  2656 | D:3      | Killed Natasha
  2793 | D:3      | Noticed Natasha
  2797 | D:3      | Killed Natasha
  2825 | D:3      | Noticed Natasha
  2833 | D:3      | Killed Natasha
  3059 | D:3      | Found Rinoad's Distillery.
  3158 | D:3      | Identified the +1 ring mail of Tuvay {rElec rPois Stlth+}
  3399 | D:3      | Learned a level 4 spell: Iskenderun's Mystic Blast
  3456 | D:4      | Noticed an ogre
  3462 | D:4      | Annihilated by an ogre

Illustrated notes

Levels and vault maps discovered:
D:1:      saegor_arrival_simple_e, layout_loops_ring
D:2:      layout_basic
D:3:      layout_basic, nicolae_overflow_hidden_temple,
          grunt_temple_overflow_opulence, serial_shops,
          nicolae_shop_rolling_square, shop, uniq_pargi, uniq_natasha
D:4:      layout_loops_cross, uniq_pikel

Skill      XL: |  1  2  3  4  5 |
---------------+----------------+-----
Spellcasting   | 2 3 4 |  4.0
Conjurations   | 4 5 |  5.4
Dodging        | |  1.7
Stealth        | |  1.7

Action                     |  1- 3 |  4- 6 || total
---------------------------+-------+-------++-------
  Melee: Staff             |     2 |       ||     2
   Cast: Magic Dart        |    85 |    46 ||   131
         Searing Ray       |     2 |     2 ||     4
 Armour: Robe              |     8 |       ||     8
         Ring mail         |       |     1 ||     1
  Dodge: Dodged            |    21 |     3 ||    24
